[Event "XVII MetLife Najdorf Open 2017"]
[Site "Warsaw"]
[Date "2017.07.16"]
[Round "8"]
[White "Fus, Jakub"]
[Black "Michalczak, Thomas"]
[Result "1-0"]
[ECO "A61"]
[WhiteElo "2103"]
[BlackElo "2239"]
[Annotator "NA"]
[PlyCount "49"]
[EventDate "2017.??.??"]
[EventType "swiss"]
[EventCountry "POL"]
[SourceTitle "playchess.com"]
[Source "ChessBase"]
[SourceQuality "1"]
[TimeControl "40/5400+30:1800+30"]

1. d4 Nf6 2. c4 c5 3. d5 e6 4. Nc3 exd5 5. cxd5 d6 6. Nf3 g6 7. h3 Bg7 8. e4 O-O 9. Bd3 b5 10. Nxb5 Nxe4 11. O-O a6 12. Nc3 Nxc3 13. bxc3 Nd7 14. Rb1 Ne5 15. Nxe5 Bxe5 16. Bh6 Re8 17. Qd2 c4 18. Bxc4 Qc7 19. Bb3 Qxc3 20. Qxc3 Bxc3 21. Ba4 Rd8 22. Bc6 Ra7 23. Rb8 Re7 24. Rc1 Bd4 25. Ba4 1-0

[Event "XVII MetLife Najdorf Open 2017"]
[Site "Warsaw"]
[Date "2017.07.17"]
[Round "9"]
[White "Gumularz, Szymon"]
[Black "Fus, Jakub"]
[Result "1-0"]
[ECO "B40"]
[WhiteElo "2391"]
[BlackElo "2103"]
[Annotator "NA"]
[PlyCount "57"]
[EventDate "2017.??.??"]
[EventType "swiss"]
[EventCountry "POL"]
[SourceTitle "playchess.com"]
[Source "ChessBase"]
[SourceQuality "1"]
[TimeControl "40/5400+30:1800+30"]

1. e4 c5 2. Nf3 e6 3. d3 a6 4. g3 b5 5. Bg2 Bb7 6. O-O d5 7. exd5 exd5 8. Re1+ Be7 9. d4 c4 10. Nh4 g6 11. Nc3 b4 (11... Kf8 $16) 12. Na4 Nd7 13. c3 (13. Bg5 $18) 13... Kf8 14. Nf3 Kg7 15. Ne5 $16 Nxe5 16. dxe5 Bc6 17. cxb4 Bxb4 18. Nc3 Bxc3 19. bxc3 Qd7 20. Qd4 Qe6 21. Qh4 h6 22. Bh3 Qe7 23. Qd4 Qa7 24. Qf4 Bd7 25. Be3 Qc7 26. Bxd7 Qxd7 27. e6 fxe6 28. Bd4+ Kh7 29. Qe5 1-0

[Event "XVII MetLife Najdorf Open 2017"]
[Site "Warsaw"]
[Date "2017.07.17"]
[Round "9"]
[White "Moehn, Hans"]
[Black "Dzierzak, Radoslaw"]
[Result "1/2-1/2"]
[ECO "E05"]
[WhiteElo "2380"]
[BlackElo "2231"]
[Annotator "NA"]
[PlyCount "170"]
[EventDate "2017.??.??"]
[EventType "swiss"]
[EventCountry "POL"]
[SourceTitle "playchess.com"]
[Source "ChessBase"]
[SourceQuality "1"]
[TimeControl "40/5400+30:1800+30"]

1. Nf3 Nf6 2. g3 d5 3. Bg2 e6 4. O-O Be7 5. c4 O-O 6. d4 dxc4 7. Qc2 a6 8. a4 Bd7 9. Rd1 Bc6 10. Nc3 Bxf3 11. Bxf3 Nc6 12. Bxc6 bxc6 13. Bg5 Qb8 14. Bxf6 gxf6 15. Ne4 Qb4 16. Rac1 f5 17. Nd2 c5 18. dxc5 $11 Rfd8 19. Nxc4 Qxc5 20. Ne3 Qxc2 21. Nxc2 Rxd1+ 22. Rxd1 Rb8 23. Rb1 Rb3 24. Nd4 Rb6 25. Nc2 Rb3 26. Nd4 Rb6 27. Nc2 Rc6 28. Ne3 Bg5 29. Kf1 Bxe3 30. fxe3 Rc4 31. Ke1 Rxa4 32. Kd2 Kf8 33. Rc1 Rb4 34. Kc3 Rb5 35. Ra1 a5 36. Ra4 e5 37. Rc4 c5 38. Ra4 Ke7 39. b3 Kd6 40. Rh4 Rb4 41. Rxh7 Ke6 42. Rh4 e4 43. Rh6+ f6 44. Rh8 a4 45. bxa4 Rxa4 46. Re8+ Kf7 47. Rb8 Ra2 48. Rb2 Ra1 49. Rb5 Rh1 50. h4 Rh3 51. Rxc5 Rxg3 52. Rxf5 Rxe3+ 53. Kd4 Rxe2 54. Rf4 e3 55. Re4 Kg6 56. Rxe3 Rg2 57. Ke4 Rg4+ 58. Kf3 Rxh4 59. Kg3 Kg5 60. Ra3 Rb4 61. Ra5+ f5 62. Ra3 Rb2 63. Rc3 Rb4 64. Ra3 Rg4+ 65. Kf3 Rh4 66. Kg3 f4+ 67. Kg2 Rh8 68. Ra7 Rb8 69. Rg7+ Kf6 70. Ra7 Kf5 71. Rf7+ Ke5 72. Re7+ Kf6 73. Ra7 Rb3 74. Kf2 Re3 75. Ra5 Re5 76. Rxe5 Kxe5 77. Kf3 Kf5 78. Kf2 Ke4 79. Ke2 f3+ 80. Kf2 Kf4 81. Kf1 Ke4 82. Kf2 Kf4 83. Kf1 Ke3 84. Ke1 f2+ 85. Kf1 Kf3 1/2-1/2

[Event "XVII MetLife Najdorf Open 2017"]
[Site "Warsaw"]
[Date "2017.07.17"]
[Round "9"]
[White "Teclaf, Pawel"]
[Black "Selbes, Tarik"]
[Result "0-1"]
[ECO "B08"]
[WhiteElo "2372"]
[BlackElo "2260"]
[Annotator "NA"]
[PlyCount "82"]
[EventDate "2017.??.??"]
[EventType "swiss"]
[EventCountry "POL"]
[SourceTitle "playchess.com"]
[Source "ChessBase"]
[SourceQuality "1"]
[TimeControl "40/5400+30:1800+30"]

1. d4 g6 2. e4 d6 3. Nc3 Nf6 4. Nf3 Bg7 5. h3 O-O 6. Be3 a6 7. Bd3 Nc6 8. Qd2 Re8 9. O-O-O e5 10. dxe5 Nxe5 11. Nxe5 dxe5 12. Qe2 Qe7 13. Bg5 c6 $1 14. Qe3 b5 15. g4 Qa7 $11 16. Qg3 Be6 17. Kb1 Nd7 18. Be3 Qc7 19. g5 Qa5 20. Kc1 b4 21. Nb1 Qxa2 22. Be2 c5 23. Kd2 Qxb2 24. Ke1 Qxc2 25. h4 Qxe4 26. Bf3 Qc2 27. Rc1 Qa2 28. h5 e4 29. Be2 gxh5 30. Rxh5 Ne5 31. Kf1 Nd3 32. Bxd3 exd3 33. Nd2 c4 34. Kg1 Bd5 35. Qh3 Rxe3 36. Qxe3 c3 37. Ne4 Qe2 38. Nf6+ Bxf6 39. Qh3 Bd4 40. Rf1 Qf3 41. Qh2 Be5 0-1

[Event "XVII MetLife Najdorf Open 2017"]
[Site "Warsaw"]
[Date "2017.07.17"]
[Round "9"]
[White "Zylka, Stanislaw"]
[Black "Kubicka, Anna"]
[Result "1-0"]
[ECO "E69"]
[WhiteElo "2368"]
[BlackElo "2152"]
[Annotator "NA"]
[PlyCount "161"]
[EventDate "2017.??.??"]
[EventType "swiss"]
[EventCountry "POL"]
[SourceTitle "playchess.com"]
[Source "ChessBase"]
[SourceQuality "1"]
[TimeControl "40/5400+30:1800+30"]

1. d4 Nf6 2. Nf3 g6 3. c4 Bg7 4. g3 O-O 5. Bg2 d6 6. O-O Nbd7 7. Nc3 e5 8. e4 c6 9. h3 Re8 10. Re1 Qc7 11. Be3 a6 12. a4 {[%emt 0:07:55] E69: King's Indian: Fianchetto: 6...Nbd7 7 0-0 e5 8 e4 c6 9 h3} a5 13. Qc2 exd4 14. Nxd4 Nc5 15. Rad1 Bd7 16. Bf4 $146 ({Predecessor:} 16. f4 Rad8 17. Nb3 b6 {1-0 (42) Matnadze,A (2342)-Martinez Lopez,I (2222) Barcelona 2016}) 16... Nh5 17. Be3 Rad8 18. g4 Nf6 19. Bf4 Bc8 20. Re2 Nfd7 21. Ndb5 cxb5 22. Nxb5 Qb8 23. Bxd6 Qa8 24. Red2 Ne6 25. f4 Bh6 26. Rf2 Qa6 27. Kh1 Qb6 28. g5 Bf8 29. f5 Nxg5 30. Bc7 Qe3 31. Re2 Qc5 32. h4 Qe7 33. hxg5 Qxg5 34. Rd3 Ne5 35. Rxd8 Qh4+ 36. Kg1 Rxd8 37. Bxe5 Bc5+ 38. Kf1 f6 39. Bc7 Rd7 40. Bb8 Qg5 41. Bh2 Rd8 42. Bg1 Qf4+ 43. Bf2 gxf5 44. Kg1 Bxf2+ 45. Rxf2 Qg4 46. Rd2 Rxd2 47. Qxd2 fxe4 48. Qd8+ Kg7 49. Qe7+ Kg8 50. Qxe4 Qd1+ 51. Bf1 Qc1 52. Qe8+ Kg7 53. Qe7+ Kg6 54. Qe4+ ({But not} 54. Qe8+ Kg5 $18) 54... Bf5 55. Qg2+ Kh6 56. Nd6 Qe3+ 57. Qf2 Qg5+ 58. Bg2 Bg6 59. Qd4 b6 60. Kf2 Kg7 61. Bf3 h5 62. Qe3 Qh4+ 63. Kg2 Kh7 (63... Qg5+ $142 64. Qxg5 fxg5) 64. Ne4 Kg7 65. b3 Bf5 66. Ng3 Qh3+ 67. Kf2 Qh2+ 68. Bg2 Bg6 69. Qf4 Kf7 70. Qc7+ Kg8 71. Qxb6 h4 72. Ne2 Qe5 73. Qd4 Qf5+ $18 74. Qf4 Qc5+ 75. Nd4 Qb4 76. Qxf6 Qd2+ 77. Ne2 Bd3 78. Bd5+ Kh7 79. Qxh4+ Kg6 80. Be4+ Bxe4 81. Qxe4+ 1-0

[Event "XVII MetLife Najdorf Open 2017"]
[Site "Warsaw"]
[Date "2017.07.17"]
[Round "9"]
[White "Zujev, Oleg"]
[Black "Szostko, Jakub"]
[Result "1-0"]
[ECO "E61"]
[WhiteElo "2366"]
[BlackElo "2208"]
[Annotator "NA"]
[PlyCount "125"]
[EventDate "2017.??.??"]
[EventType "swiss"]
[EventCountry "POL"]
[SourceTitle "playchess.com"]
[Source "ChessBase"]
[SourceQuality "1"]
[TimeControl "40/5400+30:1800+30"]

1. d4 Nf6 2. c4 g6 3. Nc3 Bg7 4. e4 d6 5. f3 O-O 6. Be3 c5 7. d5 e6 8. Nge2 exd5 9. cxd5 a6 10. a4 Nbd7 11. Ng3 h5 12. Be2 Ne5 13. O-O Bd7 14. Qd2 b5 15. axb5 {[%emt 0:05:38] A65: Modern Benoni: 6 e4} (15. h3 Rb8 16. Bg5 Re8 17. f4 Nc4 18. Bxc4 bxc4 19. e5 dxe5 20. f5 e4 21. Qf4 Bxf5 22. Nxf5 gxf5 23. Qxf5 {1-0 (31) Vocaturo,D (2583)-Morovic Fernandez,I (2554) Baku 2016}) 15... axb5 16. Nxb5 Bxb5 17. Bxb5 Qb6 18. Be2 Rfb8 $146 ({Predecessor:} 18... Rxa1 19. Rxa1 Rb8 20. Nf1 {½-½ (20) Schmidt,T (2344)-Morozov,D (2376) ICCF email 2014}) 19. Rxa8 Rxa8 20. b4 Qxb4 21. Qxb4 cxb4 22. Rb1 Rb8 23. Rb3 Nfd7 24. Bd2 Ra8 25. Rxb4 Ra2 26. Nf1 $1 Bf6 27. f4 Ng4 28. Bxg4 hxg4 29. Be3 Kf8 30. Bd4 Re2 31. Ng3 Rd2 $11 32. Be3 Rd1+ 33. Kf2 Bh4 34. Ke2 Ra1 35. Bd4 Ra2+ 36. Kf1 Bxg3 37. hxg3 f6 38. Bb2 Ra7 39. Ke2 Ke7 40. Ke3 Rc7 41. Kd3 Nc5+ 42. Kd4 Nd7 43. Ba3 Rc2 44. Rb2 Rc1 45. Re2 Rd1+ 46. Kc4 Ra1 47. Re3 Nb6+ 48. Kb5 Rb1+ 49. Bb4 Kd7 50. Ra3 Nc8 51. Ra6 Rb2 52. e5 fxe5 53. fxe5 dxe5 54. Rxg6 Rxg2 55. Rg7+ Ke8 56. Kc6 Rxg3 57. Rg8+ Kf7 58. Rf8+ Kg6 59. Rxc8 Rb3 60. Bc5 g3 61. d6 g2 62. Rg8+ Kf7 63. Rxg2 1-0

[Event "XVII MetLife Najdorf Open 2017"]
[Site "Warsaw"]
[Date "2017.07.17"]
[Round "9"]
[White "Bartel, Michal"]
[Black "Karwowski, Kacper"]
[Result "1/2-1/2"]
[ECO "B51"]
[WhiteElo "2343"]
[BlackElo "2221"]
[Annotator "NA"]
[PlyCount "78"]
[EventDate "2017.??.??"]
[EventType "swiss"]
[EventCountry "POL"]
[SourceTitle "playchess.com"]
[Source "ChessBase"]
[SourceQuality "1"]
[TimeControl "40/5400+30:1800+30"]

1. e4 c5 2. Nf3 d6 3. Bb5+ Nc6 4. O-O Bd7 5. Re1 Nf6 6. c3 a6 {[%emt 0:00:11] B51: Sicilian: Moscow Variation (3 Bb5+) without 3...Bd7} 7. Bc4 (7. Bf1 Bg4 8. h3 Bxf3 9. Qxf3 g6 10. d3 Bg7 11. Be3 O-O 12. Nd2 Nd7 13. Qd1 b5 14. a3 e6 15. Nf3 Nce5 16. d4 Nxf3+ 17. Qxf3 Qc7 18. Qd1 Nb6 19. dxc5 dxc5 20. Qc2 c4 21. Rad1 Rfd8 22. Bg5 Rxd1 23. Rxd1 h6 24. Be3 {½-½ (24) Wang,H (2683)-Bu,X (2711) Ho Chi Minh City 2017}) 7... b5 8. Bf1 Bg4 9. d4 Bxf3 10. gxf3 c4 $146 ({Predecessor:} 10... e5 11. d5 Na5 12. b4 Nb7 13. a4 c4 14. f4 {1-0 (43) Indjic,A (2419)-Abramovic,B (2385) Belgrade 2014}) 11. b3 d5 12. a4 Na5 13. axb5 axb5 14. bxc4 dxc4 15. d5 e6 (15... Nd7 $16 {might work better.}) 16. Bh3 Bc5 17. dxe6 fxe6 18. Qxd8+ Kxd8 19. Bxe6 Ke7 20. Bh3 h6 21. Nd2 Nh5 22. e5 Nf4 23. Bf1 g5 24. Ne4 Nb3 25. Rxa8 Rxa8 26. Nxc5 Nxc5 27. Be3 Nb3 $11 28. h4 Ra1 29. Rxa1 Nxa1 30. Kh2 Ke6 31. Kg3 Kf5 32. e6 gxh4+ 33. Kxh4 Nxe6 34. Bxh6 Nc2 35. Bh3+ Kf6 36. f4 b4 37. cxb4 Nxb4 38. f5 Nd4 39. Bg5+ Kf7 1/2-1/2

[Event "XVII MetLife Najdorf Open 2017"]
[Site "Warsaw"]
[Date "2017.07.17"]
[Round "9"]
[White "Pacan-Milej, Kosma"]
[Black "AlHuwar, Jasem"]
[Result "1-0"]
[ECO "B06"]
[WhiteElo "2332"]
[BlackElo "2275"]
[Annotator "NA"]
[PlyCount "93"]
[EventDate "2017.??.??"]
[EventType "swiss"]
[EventCountry "POL"]
[SourceTitle "playchess.com"]
[Source "ChessBase"]
[SourceQuality "1"]
[TimeControl "40/5400+30:1800+30"]

1. d4 g6 2. e4 Bg7 3. Nc3 d6 4. f4 Nf6 5. Nf3 O-O 6. e5 Nfd7 7. Bc4 Nb6 8. Bb3 c5 {[%emt 0:00:40] B09: Pirc Defence: Austrian Attack} (8... Nc6 9. a4 a5 10. Be3 Nb4 11. O-O c6 12. Ne4 N4d5 13. Bd2 Kh8 14. Qe1 Bf5 15. Ng3 Be6 16. Ng5 Nc7 17. Bxa5 Bxb3 18. Bxb6 {½-½ (57) Grandelius,N (2642)-Bezold,M (2502) Germany 2017}) 9. dxc5 dxc5 10. Qxd8 Rxd8 11. Be3 Na6 12. Ng5 Rf8 $146 ({Predecessor:} 12... c4 13. Bxb6 axb6 14. Bxc4 Rd4 15. Bxf7+ Kf8 16. O-O {1-0 (33) Smith,A (2449)-Petersen,P (2197) Helsingor 2015}) 13. Nd5 Nxd5 14. Bxd5 h6 15. Nf3 Rb8 16. O-O-O b6 17. c3 Nc7 18. Be4 Be6 19. b3 a5 $14 20. Kc2 Rfc8 21. h3 Rd8 22. c4 b5 23. Rxd8+ Rxd8 24. Kc3 bxc4 25. bxc4 Na6 26. Rb1 f5 27. exf6 exf6 28. Bxg6 f5+ 29. Ne5 Nb4 30. Bxc5 Rd3+ 31. Kb2 Rg3 32. Bxb4 axb4 33. Bh5 Rxg2+ 34. Kb3 Rg3+ 35. Kxb4 Rxh3 36. Bd1 Re3 37. Bb3 Bxe5 38. fxe5 f4 39. c5 Bxb3 40. axb3 Kf8 41. c6 Ke8 42. Rd1 Re4+ 43. Kc5 Rxe5+ 44. Kd6 Re3 45. c7 Rc3 46. Rd4 f3 47. Rc4 1-0

[Event "XVII MetLife Najdorf Open 2017"]
[Site "Warsaw"]
[Date "2017.07.17"]
[Round "9"]
[White "Baskin, Robert"]
[Black "Mis, Mieszko"]
[Result "1/2-1/2"]
[ECO "B06"]
[WhiteElo "2330"]
[BlackElo "2137"]
[Annotator "NA"]
[PlyCount "46"]
[EventDate "2017.??.??"]
[EventType "swiss"]
[EventCountry "POL"]
[SourceTitle "playchess.com"]
[Source "ChessBase"]
[SourceQuality "1"]
[TimeControl "40/5400+30:1800+30"]

1. e4 g6 2. d4 Bg7 3. Nf3 d6 4. Bc4 a6 5. a4 e6 6. Nbd2 Ne7 7. Qe2 Nd7 8. Nf1 b6 9. Ng3 Bb7 10. Bb3 c5 11. c3 Qc7 12. O-O O-O 13. h4 Nc6 14. Be3 Na5 15. Ba2 c4 16. h5 f5 17. exf5 exf5 18. Bf4 Rae8 19. Qd1 Nf6 20. Nh4 Nd5 21. Qd2 Bf6 22. Nf3 $15 Qc6 23. Bh6 Rf7 1/2-1/2

[Event "XVII MetLife Najdorf Open 2017"]
[Site "Warsaw"]
[Date "2017.07.17"]
[Round "9"]
[White "Eggink, Ryszard"]
[Black "Krstulovic, Alex"]
[Result "1/2-1/2"]
[ECO "C77"]
[WhiteElo "2322"]
[BlackElo "2252"]
[Annotator "NA"]
[PlyCount "56"]
[EventDate "2017.??.??"]
[EventType "swiss"]
[EventCountry "POL"]
[SourceTitle "playchess.com"]
[Source "ChessBase"]
[SourceQuality "1"]
[TimeControl "40/5400+30:1800+30"]

1. e4 e5 2. Nf3 Nc6 3. Bb5 a6 4. Ba4 d6 5. O-O Nf6 6. d3 Bd7 7. c3 g6 8. Nbd2 Bg7 9. d4 b5 {[%emt 0:01:05] C77: Ruy Lopez: 3...a6 4 Ba4 Nf6, unusual lines} 10. Bb3 O-O 11. Re1 Re8 $146 ({Predecessor:} 11... Nh5 12. Nf1 Na5 13. Bc2 c5 14. Ne3 exd4 15. cxd4 {0-1 (60) Pisk,P (2366)-Dolezal,R (2421) Czechia 2008}) 12. h3 Na5 13. Bc2 c5 14. Nf1 h6 15. a4 Rc8 16. axb5 axb5 17. dxe5 dxe5 18. Be3 Nc4 19. Bc1 Qc7 20. b3 Nd6 21. Qe2 Bc6 22. Ng3 c4 23. b4 Qb7 24. Qe3 Bf8 25. Ra7 Qb8 26. Ra5 Qb7 $11 27. Ra7 Qb8 28. Ra5 Qb7 1/2-1/2

[Event "XVII MetLife Najdorf Open 2017"]
[Site "Warsaw"]
[Date "2017.07.17"]
[Round "9"]
[White "Urazayev, Arystanbek"]
[Black "Kosakowski, Jakub"]
[Result "1-0"]
[ECO "B90"]
[WhiteElo "2322"]
[BlackElo "2366"]
[Annotator "NA"]
[PlyCount "51"]
[EventDate "2017.??.??"]
[EventType "swiss"]
[EventCountry "POL"]
[SourceTitle "playchess.com"]
[Source "ChessBase"]
[SourceQuality "1"]
[TimeControl "40/5400+30:1800+30"]

1. e4 c5 2. Nf3 d6 3. d4 cxd4 4. Nxd4 Nf6 5. Nc3 a6 6. Be3 e5 7. Nb3 Be6 8. f3 Be7 9. Qd2 O-O 10. O-O-O Nbd7 11. g4 b5 12. g5 b4 13. Ne2 Ne8 14. f4 a5 15. f5 {[%emt 0:00:48] B90: Sicilian Najdorf: Unusual White 6th moves, 6 Be3 Ng4 and 6 Be3 e5} a4 16. fxe6 axb3 17. exf7+ Rxf7 18. Kb1 bxc2+ 19. Qxc2 Bxg5 20. Bxg5 Qxg5 21. Ng3 Nb6 (21... Kh8 22. Bc4 Rf8 {1-0 (40) Duda,J (2678)-Wojtaszek,R (2746) Germany 2017}) 22. Qb3 d5 23. Qxb4 Rb8 $146 24. Rxd5 ({Resist} 24. exd5 $6 Qf4 $14) 24... Rfb7 $16 25. Rb5 Kh8 26. Qf8# 1-0

[Event "XVII MetLife Najdorf Open 2017"]
[Site "Warsaw"]
[Date "2017.07.17"]
[Round "9"]
[White "Hacker, Jonas"]
[Black "Lewtak, Damian"]
[Result "1-0"]
[ECO "B60"]
[WhiteElo "2297"]
[BlackElo "2341"]
[Annotator "NA"]
[PlyCount "57"]
[EventDate "2017.??.??"]
[EventType "swiss"]
[EventCountry "POL"]
[SourceTitle "playchess.com"]
[Source "ChessBase"]
[SourceQuality "1"]
[TimeControl "40/5400+30:1800+30"]

1. e4 c5 2. Nf3 d6 3. d4 cxd4 4. Nxd4 Nf6 5. Nc3 Nc6 6. Bg5 h6 7. Bxf6 gxf6 8. Be2 {[%emt 0:11:07] B60: Sicilian: Richter-Rauzer: Unusual Black 6th moves and 6...Bd7 without 7 Qd2} Nxd4 $146 ({Predecessor:} 8... h5 9. h4 a6 10. g3 Nxd4 11. Qxd4 e6 12. Na4 Qa5+ 13. c3 e5 14. Qb4 Qxb4 15. cxb4 Be6 16. Nb6 Rb8 17. O-O Bg7 18. Rfd1 {1-0 (18) Petrik,T (2508)-Cicak,S (2570) Germany 2009}) 9. Qxd4 h5 10. Bb5+ Bd7 11. Bxd7+ Qxd7 12. O-O-O h4 13. Kb1 Bg7 14. Nd5 Kf8 15. Qd3 e6 16. Nc3 Ke7 17. Nb5 Rhd8 18. f4 Qc6 19. Nd4 Qc5 20. f5 Rac8 21. Rhe1 Qe5 22. fxe6 fxe6 $1 $11 23. Qh3 Rc4 24. Qd3 Rc5 $18 25. Nf5+ Kf7 26. Nxh4 Qxh2 27. g3 Rg5 28. Nf3 Qxg3 29. Rg1 1-0

[Event "XVII MetLife Najdorf Open 2017"]
[Site "Warsaw"]
[Date "2017.07.17"]
[Round "9"]
[White "Rahul, Srivatshav P"]
[Black "Fieberg, Samuel"]
[Result "0-1"]
[ECO "D00"]
[WhiteElo "2295"]
[BlackElo "2169"]
[Annotator "NA"]
[PlyCount "120"]
[EventDate "2017.??.??"]
[EventType "swiss"]
[EventCountry "POL"]
[SourceTitle "playchess.com"]
[Source "ChessBase"]
[SourceQuality "1"]
[TimeControl "40/5400+30:1800+30"]

1. d4 d5 2. Bf4 c5 3. e3 Nc6 4. c3 Nf6 5. Nd2 {[%emt 0:00:08] D00: 1 d4 d5: Unusual lines} Bf5 (5... e6 6. Ngf3 Bd6 7. Bg3 O-O 8. Bb5 a6 9. Bxc6 bxc6 10. Qa4 Rb8 11. Qa3 Bxg3 12. hxg3 cxd4 13. cxd4 a5 14. O-O Qb6 15. b3 Ba6 {1-0 (24) Carlsen,M (2840)-Anand,V (2779) Doha 2016}) 6. Qb3 Qd7 7. Ngf3 c4 8. Qd1 e6 9. Be2 Be7 10. Nh4 O-O 11. Nxf5 exf5 12. b3 $146 ({Predecessor:} 12. O-O Bd6 {1-0 (41) Karlik,V (2268)-Kopal,J (2253) Liberec 2011}) 12... b5 13. bxc4 bxc4 14. Qc2 Ne8 15. Bf3 Nf6 16. O-O Ne4 17. Rab1 Bd6 18. Bxd6 Qxd6 19. g3 Qa3 20. Rfc1 Rfb8 21. Bg2 Rb6 22. f3 Nd6 23. e4 Ne7 24. Re1 Rab8 25. exf5 Nexf5 (25... Ndxf5 $11 26. Rxb6 Rxb6) 26. f4 g6 27. Bxd5 Rb2 28. Qc1 Rxb1 29. Qxa3 Rxe1+ 30. Kf2 Rbe8 $17 31. Nxc4 R1e2+ 32. Kf3 Nxc4 33. Qxa7 Nh6 34. f5 g5 35. Be6 Re3+ 36. Kg2 fxe6 37. Qc5 Nd2 38. fxe6 Re2+ 39. Kg1 Nf3+ 40. Kf1 R8xe6 41. Qc8+ Kg7 42. Qb7+ Kg6 43. Qxf3 R2e3 44. Qd1 Rf6+ 45. Kg1 Rxc3 46. Qb1+ Kg7 47. d5 Nf7 48. a4 Rc7 49. Qb2 Rd7 50. Qd4 Nh6 51. Qe5 Nf7 52. Qd4 h5 53. h3 Kg6 54. h4 g4 55. a5 Rdd6 56. Qd3+ Rf5 57. a6 Rdxd5 58. Qe3 Rd1+ 59. Kg2 Rfd5 60. Qb6+ Rd6 0-1

[Event "XVII MetLife Najdorf Open 2017"]
[Site "Warsaw"]
[Date "2017.07.17"]
[Round "9"]
[White "Villegas, Pierre"]
[Black "Kowalski, Igor"]
[Result "0-1"]
[ECO "E05"]
[WhiteElo "2295"]
[BlackElo "2226"]
[Annotator "NA"]
[PlyCount "152"]
[EventDate "2017.??.??"]
[EventType "swiss"]
[EventCountry "POL"]
[SourceTitle "playchess.com"]
[Source "ChessBase"]
[SourceQuality "1"]
[TimeControl "40/5400+30:1800+30"]

1. c4 Nf6 2. g3 e6 3. Bg2 d5 4. Nf3 Be7 5. O-O O-O 6. d4 dxc4 7. Ne5 Nc6 8. Nxc6 bxc6 9. Na3 Bxa3 10. bxa3 Ba6 11. a4 {[%emt 0:19:59] E05: Open Catalan: 5 Nf3 Be7} Qd6 12. Qd2 Rab8 13. Qa5 Rb6 14. e4 (14. Qc3 Rd8 15. Ba3 Qxd4 16. Qxd4 Rxd4 17. Bc5 Rd5 18. Bxd5 cxd5 19. Bxb6 axb6 {½-½ (33) Wojtaszek,R (2746)-Jakovenko,D (2714) Germany 2016}) 14... Nd7 $146 ({Predecessor:} 14... Qb4 15. Qxb4 Rxb4 16. Ba3 Rxa4 17. Bxf8 Kxf8 18. Rfc1 Ra3 {1-0 (53) Malakhatko,V (2487)-Cunningham,R (2255) Bregenz 2017}) 15. e5 Qe7 16. Qc3 c5 17. Rd1 Rfb8 18. Be3 Rb4 19. a5 f6 20. exf6 Qxf6 21. Qe1 Qf5 22. Bd2 Ra4 23. Be4 Qh3 24. Bg2 Qf5 25. Be4 Qh3 26. Bc6 Bb5 27. Bxb5 Rxb5 28. d5 e5 29. Qe4 Nf6 30. Qe2 Rb8 31. Bc3 Ra3 32. Rac1 Rf8 33. f3 e4 34. Rf1 exf3 35. Rxf3 Re8 36. Qb2 Ng4 37. Qd2 h6 38. Rc2 Ne5 39. Re3 Rf8 40. Qg2 Qg4 41. Qe2 Nf3+ 42. Kg2 Nh4+ 43. Kg1 Qg5 44. Re7 Nf5 45. Rxc7 Rxc3 46. Rxc3 Nd4 47. Qe7 Qg4 48. Kg2 Ne2 49. Qxg7+ Qxg7 50. Rxg7+ Kxg7 51. Rxc4 Rc8 52. d6 Nd4 53. d7 Rd8 54. Rxc5 Rxd7 55. g4 Ne6 56. Rc6 Kf6 57. Ra6 Ke5 58. h4 Kd5 59. Kg3 Rc7 60. Kf2 Rc2+ $17 (60... Rf7+ $142 61. Kg2 Rh7) 61. Kg3 (61. Ke1 $15) 61... Rc3+ 62. Kh2 {[%emt 0:00:40] [#]} (62. Kg2 $17) 62... Rc7 (62... Nf4 $1 $19 63. Rxa7 Rh3+ 64. Kg1 Rxh4) 63. Kg3 Re7 64. a4 Kc5 65. g5 hxg5 66. h5 Kd5 67. Kg4 Rf7 68. h6 Ke5 69. Rc6 Rf4+ 70. Kg3 Rh4 71. Ra6 Rxh6 72. Rxa7 Rh4 73. a6 Rxa4 74. Ra8 Nc7 75. Rg8 Kf6 76. Rf8+ Kg7 0-1

[Event "XVII MetLife Najdorf Open 2017"]
[Site "Warsaw"]
[Date "2017.07.17"]
[Round "9"]
[White "Winiarski, Mikolaj"]
[Black "Jaroch, Karol"]
[Result "0-1"]
[ECO "C18"]
[WhiteElo "2295"]
[BlackElo "2207"]
[Annotator "NA"]
[PlyCount "130"]
[EventDate "2017.??.??"]
[EventType "swiss"]
[EventCountry "POL"]
[SourceTitle "playchess.com"]
[Source "ChessBase"]
[SourceQuality "1"]
[TimeControl "40/5400+30:1800+30"]

1. e4 e6 2. d4 d5 3. Nc3 Bb4 4. e5 c5 5. a3 Bxc3+ 6. bxc3 Ne7 7. Nf3 Bd7 8. h4 Nbc6 9. h5 h6 10. Bd3 Qa5 11. Bd2 c4 {C18: French: 3 Nc3 Bb4: Main line: 7 h4 and 7 Qg4} 12. Be2 f6 (12... O-O-O 13. Nh4 f6 14. f4 fxe5 15. fxe5 Rhf8 16. Bg4 Rf7 17. Rf1 Rdf8 18. Rf3 Nd8 19. Ke2 {1-0 (39) Kryvoruchko,Y (2640)-Zherebukh,Y (2586) Lvov 2011}) 13. exf6 gxf6 14. Kf1 O-O-O 15. Qc1 Rh7 16. Nh2 $146 ({Predecessor:} 16. Nh4 Rg8 17. Bxh6 Qxc3 18. Rh3 Qxd4 19. Be3 Qe5 20. Bf4 Qd4 21. Be3 Qe5 {½-½ (21) Herbrechtsmeier,C (2280)-Schienmann,B (2265) Baden 1992}) 16... e5 17. Ng4 Bxg4 18. Bxg4+ Kb8 19. Rh3 Ka8 20. Rf3 exd4 21. cxd4 Qa6 22. Bc3 Rg7 (22... Rf8 $142) 23. Bh3 Ng8 24. Re3 Qb6 25. Qd1 Qc7 $16 26. g3 Rg5 27. Qf3 Qf7 28. Rae1 Rxh5 29. Be6 Qg6 30. g4 Rg5 31. Qe2 Qh7 32. f4 Rg7 33. Bxd5 Rxd5 34. Re8+ Rd8 35. d5 Rxe8 36. Qxe8+ Nb8 37. d6 b6 38. Qe6 Kb7 39. Qd5+ Nc6 40. Re4 Rxg4 41. d7 Nge7 42. d8=Q Nxd5 43. Qxd5 Qc7 44. Bd2 c3 45. Be3 Rg7 46. Rc4 Rd7 47. Qf3 Qd6 48. Rxc3 Qd1+ 49. Qxd1 Rxd1+ 50. Ke2 Ra1 51. Bf2 f5 52. Bh4 Nd4+ 53. Ke3 Nb5 54. Rd3 Rxa3 55. c4 Rxd3+ 56. Kxd3 Nd6 57. Kd4 Kc6 58. Ke5 a5 59. c5 bxc5 60. Be7 Ne8 61. Kxf5 a4 62. Bh4 a3 63. Be1 Nd6+ 64. Ke6 Ne4 65. Ke5 a2 0-1

[Event "XVII MetLife Najdorf Open 2017"]
[Site "Warsaw"]
[Date "2017.07.17"]
[Round "9"]
[White "Heinemann, Josefine"]
[Black "Priyanka, Nutakki"]
[Result "1-0"]
[ECO "B54"]
[WhiteElo "2294"]
[BlackElo "2104"]
[Annotator "NA"]
[PlyCount "65"]
[EventDate "2017.??.??"]
[EventType "swiss"]
[EventCountry "POL"]
[SourceTitle "playchess.com"]
[Source "ChessBase"]
[SourceQuality "1"]
[TimeControl "40/5400+30:1800+30"]

1. e4 c5 2. Nf3 d6 3. d4 cxd4 4. Nxd4 Nf6 5. Nc3 a6 6. Bg5 Nbd7 7. Qe2 e6 8. f4 Qc7 9. O-O-O b5 10. a3 {B96: Sicilian Najdorf: 6 Bg5 e6 7 f4, lines other than 7...Qb6 and 7...Be7} Bb7 11. g4 Be7 (11... Rc8 12. Bxf6 gxf6 13. h4 Qb6 14. Rh3 h5 15. f5 e5 16. Nb3 hxg4 17. Qxg4 b4 18. axb4 Qxb4 {1-0 (54) Kramnik,V (2808)-Gelfand,B (2743) Moscow 2016}) 12. Kb1 Rc8 13. Bh4 $146 ({Predecessor:} 13. Rg1 Nb6 14. Bxf6 gxf6 15. f5 e5 16. Nb3 h5 17. gxh5 Bf8 {½-½ (36) Gusain,H (2440)-Amonatov,F (2614) Mumbai 2016}) 13... Nb6 14. Bxf6 gxf6 15. f5 e5 16. Nb3 Rg8 17. Rg1 Nc4 18. Rg3 Qb6 19. Nd5 Bxd5 20. Rxd5 b4 21. a4 Bf8 22. a5 Qa7 23. Nd2 Nxd2+ 24. Qxd2 Qb7 25. Rb3 $18 Rxg4 26. Rxb4 Qa7 27. Rb6 Qc7 28. Bxa6 Rg1+ 29. Ka2 Ra8 30. Bb5+ Kd8 31. Rdxd6+ Bxd6 32. Rxd6+ Kc8 33. Rc6 1-0